 Dungeon Crawl Stone Soup version 0.23.2-1-ga50397a (webtiles) character file.

Game seed: 1299695418226817960

590 xveg the Vandal (level 6, -4/51 HPs)
             Began as a Demigod Hunter on May 15, 2019.
             Slain by a water moccasin (5 damage)
             ... on level 5 of the Dungeon.
             The game lasted 00:06:13 (3654 turns).

xveg the Vandal (Demigod Hunter)                    Turns: 3654, Time: 00:06:14

Health: -4/51      AC:  5    Str: 19    XL:     6   Next: 93%
Magic:  9/9        EV: 12    Int: 18    God:
Gold:   166        SH:  0    Dex: 16    Spells: 6/6 levels left

rFire    . . .     SeeInvis .   a - +1 hunting sling
rCold    . . .     Gourm    .   (no shield)
rNeg     . . .     Faith    .   c - +0 leather armour
rPois    .         Spirit   .   q - +1 helmet
rElec    .         Reflect  .   (no cloak)
rCorr    .         Harm     .   (no gloves)
MR       .....                  (no boots)
Stlth    ++........             (no amulet)
HPRegen  0.17/turn              o - +3 ring of intelligence
MPRegen  0.11/turn              (no ring)

@: lethally poisoned (-4 -> -22)
A: high mp 1
a: no special abilities


You were on level 5 of the Dungeon.
You were hungry.

You visited 1 branch of the dungeon, and saw 5 of its levels.

You collected 166 gold pieces.

Inventory:

Hand Weapons
 a - a +1 hunting sling (weapon)
 b - a +0 flail of holy wrath
 u - a +0 mace of protection
 v - a +0 short sword
Missiles
 e - 117 stones
 s - 17 sling bullets (quivered)
Armour
 c - a +0 leather armour (worn)
 q - a +1 helmet (worn)
Jewellery
 o - a +3 ring of intelligence (left hand)
 p - a +4 ring of dexterity {unknown}
Wands
 d - a wand of polymorph (4)
 t - a wand of paralysis (21)
Scrolls
 i - 2 scrolls of magic mapping
 j - a scroll of fear {unknown}
 k - a scroll of enchant weapon {unknown}
 l - 4 scrolls of identify
 m - a scroll of noise
Potions
 g - 2 potions of might {unknown}
 h - a potion of curing
 n - a potion of lignification {unknown}
 r - a potion of invisibility {unknown}
Comestibles
 f - 8 rations


   Skills:
 + Level 3.3 Fighting
 + Level 6.6 Slings
 + Level 1.8 Armour
 + Level 2.2 Dodging
 - Level 1.0 Stealth
 * Level 0.7 Spellcasting
 * Level 0.9 Evocations


You had 6 spell levels left.
You didn't know any spells.
Your spell library contained the following spells:

 Spells                   Type           Power        Failure   Level  Hunger
 Confusing Touch          Hex            #.....       24%         1    ##.....
 Confuse                  Hex            #.......     58%         3    ####...
 Gell's Gravitas          Tloc           #.........   58%         3    ####...
 Petrify                  Tmut/Erth      #.......     94%         4    #####..
 Metabolic Englaciation   Hex/Ice        #.........   100%        5    ######.
 Yara's Violent Unravell  Hex/Tmut       #.........   100%        5    ######.


Dungeon Overview and Level Annotations

Branches:
Dungeon (5/15)             Temple (0/1) D:4

Shops:
D:4 :


Innate Abilities, Weirdness & Mutations

You have an increased reservoir of magic. (+10% MP)


Message History

You feel sick.
You feel sick.
You feel sick. The water moccasin bites you.
* * * LOW HITPOINT WARNING * * *
You are more poisoned.
The water moccasin poisons you!
* * * LOW HITPOINT WARNING * * *
You feel sick.
There is an open door here.
* * * LOW HITPOINT WARNING * * *
You feel sick.
Aiming: Paralyse
Press: ? - help, Shift-Dir - straight line, f/p - water moccasin
Aim: a water moccasin (severely wounded, chance to defeat MR: 49%)
The water moccasin resists with some effort.
* * * LOW HITPOINT WARNING * * *
You feel sick.
The water moccasin bites you but does no damage.
The water moccasin bites you.
You die...

#...# ###+###### ##...##
#.......... #.(...# #..........
+.(...# #.......... #.(...# .
#......... #.(...# .. #.......##
#...#
..##.......##############...##..
................@S....'..........
>.....<..........#....#..........
.................#....#..........
.................#....#..........
.................#....#..........
####..##...##....########+######.
.###..##...##....#
.......#..........+
.......#..........#


You could see a water moccasin.

Vanquished Creatures
  4 ogres
  An iguana (D:3)
  An orc wizard (D:3)
  3 worker ants (D:4)
  Terence (D:3)
  An adder (D:3)
  An ooze (D:3)
  A worm (D:3)
  2 dart slugs
  3 leopard geckos
  11 orcs
  2 ball pythons
  A giant cockroach (D:1)
  12 hobgoblins
  18 kobolds
  4 quokkas
  15 bats
  6 frilled lizards
  10 goblins
  A leopard gecko skeleton (D:5)
  6 rats
104 creatures vanquished.

Notes
Turn   | Place    | Note
-------+----------+-------------------------------------------
     0 | D:1      | xveg the Demigod Hunter began the quest for the Orb.
     0 | D:1      | Reached XP level 1. HP: 17/17 MP: 3/3
   158 | D:1      | Reached XP level 2. HP: 22/24 MP: 4/4
   186 | D:1      | Reached skill level 4 in Slings
   824 | D:2      | Found an ornate altar of the Wu Jian Council.
   900 | D:2      | Reached XP level 3. HP: 29/29 MP: 5/5
   910 | D:2      | Found a faded altar of an unknown god.
  1046 | D:2      | Found a hazy altar of Hepliaklqana.
  1163 | D:2      | Found a radiant altar of Vehumet.
  1550 | D:3      | Noticed Terence
  1557 | D:3      | Killed Terence
  1557 | D:3      | Reached skill level 1 in Armour
  1557 | D:3      | Reached XP level 4. HP: 37/37 MP: 6/6
  1757 | D:3      | Reached skill level 5 in Slings
  1775 | D:3      | Found a sparkling altar of Nemelex Xobeh.
  1868 | D:3      | Reached skill level 1 in Stealth
  1868 | D:3      | Reached XP level 5. HP: 42/42 MP: 7/7
  2534 | D:3      | Found an iron altar of Okawaru.
  2831 | D:4      | Noticed an ogre
  2841 | D:4      | Killed an ogre
  2841 | D:4      | Reached XP level 6. HP: 34/51 MP: 8/8
  3121 | D:4      | Reached skill level 6 in Slings
  3190 | D:4      | Found Fyddelirph's Book Shoppe.
  3226 | D:4      | Found a staircase to the Ecumenical Temple.
  3247 | D:4      | HP: 1/51 [ogre/cursed +0 giant club (12)]
  3573 | D:5      | Entered Level 5 of the Dungeon
  3633 | D:5      | Noticed a water moccasin
  3653 | D:5      | HP: 2/51 [poisoned by a water moccasin]
  3654 | D:5      | Slain by a water moccasin

Skill      XL: |  1  2  3  4  5  6 |
---------------+-------------------+-----
Dodging        | 2 |  2.2
Slings         | 4 5 6 |  6.6
Fighting       | 2 3 |  3.3
Armour         | 1 |  1.8
Stealth        | 1 |  1.0
Spellcasting   | |  0.7
Evocations     | |  0.9

Action                   |  1- 3 |  4- 6 || total
-------------------------+-------+-------++-------
Melee: Hunting sling     |       |     1 ||     1
 Fire: Hunting sling     |   130 |   147 ||   277
Evoke: Wand              |       |     1 ||     1
  Use: Scroll            |       |     7 ||     7
       Potion            |       |     2 ||     2
  Eat: Chunk             |     2 |     2 ||     4
       Ration            |       |     1 ||     1
Armor: Leather armour    |     6 |    14 ||    20
Dodge: Dodged            |    19 |    27 ||    46
